 Dungeon Crawl Stone Soup version 0.23.2-33-g5129a83184 (webtiles) character file.

Game seed: 603496752519478176

3425 FishyPogo the Thaumaturge (level 9, -3/52 HPs)
             Began as a Deep Elf Wizard on Aug 10, 2019.
             Was a Believer of Sif Muna.
             Slain by an orc warrior
             ... wielding a +0 long sword
              (22 damage)
             ... on level 8 of the Dungeon.
             The game lasted 00:50:57 (8621 turns).

FishyPogo the Thaumaturge (Deep Elf Wizard)         Turns: 8621, Time: 00:51:00

Health: -3/52      AC:  4    Str:  4    XL:     9   Next: 76%
Magic:  12/24      EV: 16    Int: 26    God:    Sif Muna [**....]
Gold:   588        SH:  0    Dex: 14    Spells: 13/27 levels left

rFire    + . .     SeeInvis +   a - +3 falchion (holy)
rCold    . . .     Gourm    .   (no shield)
rNeg     . . .     Faith    +   e - +1 robe {rF+}
rPois    .         Spirit   .   b - +0 hat
rElec    .         Reflect  .   D - +0 cloak
rCorr    .         Harm     .   (no gloves)
MR       +....                  (no boots)
Stlth    +.........             l - amulet of faith
HPRegen  0.17/turn              k - ring of protection from magic
MPRegen  0.19/turn              I - ring of see invisible

@: confused
A: no striking features
a: Divine Energy, Renounce Religion


You were on level 8 of the Dungeon.
You worshipped Sif Muna.
Sif Muna was pleased with you.
You were hungry.

You visited 1 branch of the dungeon, and saw 8 of its levels.
You also visited: Ossuary.

You collected 588 gold pieces.

Inventory:

Hand Weapons
 a - a +3 falchion of holy wrath (weapon)
Missiles
 c - 252 stones (quivered)
Armour
 b - a +0 hat (worn)
 e - a +1 robe of fire resistance (worn)
 D - a +0 cloak (worn)
Jewellery
 k - a ring of protection from magic (left hand)
 l - an amulet of faith (around neck)
 p - an uncursed amulet of the acrobat
 v - an uncursed ring of stealth
 I - a ring of see invisible (right hand)
Wands
 u - a wand of iceblast (9)
 w - a wand of polymorph (7)
 y - a wand of flame (44)
 C - a wand of paralysis (7)
Scrolls
 f - 3 scrolls of immolation
 h - 4 scrolls of remove curse
 i - 2 scrolls of identify
 j - a scroll of fog
 m - 3 scrolls of enchant weapon
 n - 6 scrolls of teleportation
 q - a scroll of amnesia
 t - a scroll of torment
 A - 5 scrolls of enchant armour
 E - a scroll of noise {unknown}
 G - a scroll of blinking
 H - 2 scrolls of fear {unknown}
 K - a scroll of random uselessness {unknown}
Potions
 g - 3 potions of invisibility
 o - a potion of mutation {unknown}
 r - a potion of lignification
 s - 3 potions of curing
 x - a potion of haste {unknown}
 B - a potion of brilliance
 F - a potion of berserk rage {unknown}
 J - 3 potions of heal wounds
 L - 2 potions of flight
Comestibles
 d - 9 rations
 z - 3 chunks of flesh


   Skills:
 + Level 4.5 Fighting
 * Level 5.7 Long Blades
 + Level 6.6 Dodging
 - Level 3.0 Stealth
 * Level 9.8 Spellcasting
 + Level 5.6 Conjurations
 - Level 2.0 Summonings
 - Level 1.1 Translocations
 - Level 3.2 Air Magic
 - Level 2.1 Poison Magic


You had 13 spell levels left.
You knew the following spells:

 Your Spells              Type           Power        Failure   Level  Hunger
a - Magic Dart            Conj           ####         1%          1    None
b - Mephitic Cloud        Conj/Pois/Air  ####....     3%          3    None
c - Call Imp              Summ           ###.....     3%          2    None
d - Gell's Gravitas       Tloc           ###.......   9%          3    None
e - Conjure Flame         Conj/Fire      ####....     4%          3    None
f - Shock                 Conj/Air       ####         1%          1    None
g - Animate Skeleton      Necr           N/A          4%          1    None

Your spell library contained the following spells:

 Spells                   Type           Power        Failure   Level  Hunger
 Summon Small Mammal      Summ           ###.         1%          1    None
 Apportation              Tloc           ###...       3%          1    None
 Confusing Touch          Hex            ##....       4%          1    None
 Corona                   Hex            ##.....      4%          1    None
 Blink                    Tloc           N/A          4%          2    None
 Dazzling Spray           Conj/Hex       ####..       4%          3    None
 Ensorcelled Hibernation  Hex/Ice        ##....       7%          2    None
 Slow                     Hex            ##......     7%          2    None
 Confuse                  Hex            ##......     14%         3    None
 Tukima's Dance           Hex            ##......     14%         3    None
 Petrify                  Tmut/Erth      ##......     43%         4    None
 Metabolic Englaciation   Hex/Ice        ##........   78%         5    ####...
 Yara's Violent Unravell  Hex/Tmut       ##........   78%         5    ####...


Dungeon Overview and Level Annotations

Branches:
Dungeon (8/15)             Temple (0/1) D:6            Lair (0/6) D:8

Altars:
Dithmenos
Elyvilon
Fedhas
Gozag
Hepliaklqana
Kikubaaqudgha
Makhleb
Nemelex Xobeh
Okawaru
Qazlal
Ru
Sif Muna
Trog
Vehumet
Yredelemnul
The Shining One

Shops:
D:7 ?


Message History

Your crimson imp hits the orc warrior but does no damage.
Are you sure you want to stumble around while confused and next to your crimson imp?
You're too confused to move!
You are engulfed in noxious fumes.
You choke on the stench!
You are more confused.
Your crimson imp hits the orc warrior but does no damage.
The orc warrior hits you with a +0 long sword!
The adder closely misses you.
Your ogre skeleton hits the orc warrior with a +0 giant club!
An ogre comes into view. It is wielding a +0 giant spiked club.
Your shadow imp barely misses the orc warrior.
Your crimson imp hits the orc warrior but does no damage.
Are you sure you want to stumble around while confused and next to your crimson imp?
You hit the orc warrior.
The orc warrior is severely wounded.
You are engulfed in noxious fumes.
You choke on the stench!
You are more confused.
The adder misses you.
Your crimson imp hits the orc warrior.
The orc warrior hits you with a +0 long sword!!
You die...

##..... #..... ##....O
##...[.# .# ###......#
... .........# #.# #
......§S○# ._..#
.......@.###.#.#
......5o5# ....
.......5Z###.#
.......).....### ..
#.....†.##.....####..#
##....°.###.........#
###)..## #..#......#
#### ##..####..#
#..####..#


You could see an orc warrior, an ogre, an adder, 2 friendly crimson imps, a
friendly shadow imp and a friendly ogre skeleton.

Vanquished Creatures
  A two-headed ogre (D:8)
  Edmund (D:6)
  2 wargs
  An orc warrior (D:8)
  2 bullfrogs
  A gnoll sergeant (D:7)
  6 scorpions (Ossuary)
  3 killer bees (D:6)
  2 centaur zombies (Ossuary)
  A bullfrog zombie (D:8)
  A jelly (D:8)
  6 orc priests
  3 hounds
  Crazy Yiuf (D:6)
  6 orc wizards
  A worker ant (D:4)
  2 big kobold zombies (Ossuary)
  A hound zombie (D:8)
  2 mummies (Ossuary)
  3 gnolls
  9 adders
  2 scorpion zombies (Ossuary)
  An ooze (D:4)
  2 adder skeletons
  An adder zombie (D:7)
  A dart slug (D:2)
  5 leopard geckos
  18 orcs
  A ball python (D:3)
  4 giant cockroaches
  2 gnoll zombies (Ossuary)
  15 goblins
  5 hobgoblins
  9 jackals
  7 kobolds
  2 quokkas
  6 bats
  5 frilled lizards
  A goblin zombie (Ossuary)
  A hobgoblin zombie (Ossuary)
  3 kobold zombies (Ossuary)
  A leopard gecko skeleton (D:4)
  9 rats
156 creatures vanquished.

Vanquished Creatures (collateral kills)
  Grinder (D:5)
  A hippogriff (D:7)
  Eustachio (D:4)
  A hungry ghost (D:7)
  A steam dragon (D:7)
  2 ogres
  A big kobold (D:7)
  2 bullfrogs
  A scorpion (Ossuary)
  A killer bee (D:6)
  A howler monkey (D:4)
  2 human zombies (Ossuary)
  An orc priest (D:3)
  2 worker ants
  A mummy (Ossuary)
  A worker ant zombie (D:7)
  Robin (D:4)
  An adder (D:3)
  A gnoll (D:7)
  2 scorpion zombies (Ossuary)
  A worm (D:4)
  A leopard gecko (D:8)
  7 orcs
  5 goblins
  A hobgoblin (D:3)
  4 jackals
  A hobgoblin zombie (Ossuary)
  3 kobolds (D:7)
  3 kobold zombies (Ossuary)
  A leopard gecko skeleton (D:4)
52 creatures vanquished.

Vanquished Creatures (others)
  A scorpion (Ossuary)
1 creature vanquished.

Grand Total: 209 creatures vanquished

Notes
Turn   | Place    | Note
-------+----------+-------------------------------------------
     0 | D:1      | FishyPogo the Deep Elf Wizard began the quest for the Orb.
     0 | D:1      | Reached XP level 1. HP: 10/10 MP: 7/7
   218 | D:1      | Reached XP level 2. HP: 16/16 MP: 0/9
   531 | D:1      | Reached skill level 1 in Fighting
   930 | D:2      | Reached XP level 3. HP: 19/20 MP: 3/11
  1126 | D:2      | Learned a level 3 spell: Mephitic Cloud
  1274 | D:2      | Reached XP level 4. HP: 20/26 MP: 6/12
  1414 | D:2      | Found a bloodstained altar of Trog.
  1483 | D:3      | Learned a level 2 spell: Call Imp
  1488 | D:3      | Noticed a bullfrog
  1508 | D:3      | Killed a bullfrog
  1508 | D:3      | Reached skill level 5 in Spellcasting
  1508 | D:3      | Reached skill level 1 in Air Magic
  1745 | D:3      | Reached XP level 5. HP: 30/30 MP: 4/14
  1910 | D:3      | Reached skill level 1 in Poison Magic
  2601 | D:4      | Learned a level 3 spell: Gell's Gravitas
  2613 | D:4      | Noticed Robin
  2887 | D:4      | Killed Robin
  2997 | D:4      | Reached XP level 6. HP: 28/35 MP: 8/15
  3210 | D:4      | Noticed Eustachio
  3233 | D:4      | Killed Eustachio
  3326 | D:4      | Found a sparkling altar of Nemelex Xobeh.
  3376 | D:4      | Found a deep blue altar of Sif Muna.
  3380 | D:4      | Became a worshipper of Sif Muna the Loreminder
  3448 | D:4      | Found a shadowy altar of Dithmenos.
  3647 | D:5      | Entered Level 5 of the Dungeon
  3647 | D:5      | Noticed Grinder
  3760 | D:5      | Reached XP level 7. HP: 31/40 MP: 9/17
  3813 | D:5      | Found an iron altar of Okawaru.
  3845 | D:5      | Found a sacrificial altar of Ru.
  3876 | D:5      | Killed Grinder
  3876 | D:5      | Reached skill level 1 in Long Blades
  3892 | D:5      | Found a stormy altar of Qazlal.
  3946 | D:5      | Reached skill level 6 in Spellcasting
  3977 | D:5      | Found a basalt altar of Yredelemnul.
  4336 | D:6      | Found a staircase to the Ecumenical Temple.
  4386 | D:6      | Reached * piety under Sif Muna
  5007 | D:6      | Found a runed translucent door.
  5008 | D:6      | Noticed Crazy Yiuf
  5080 | D:6      | Found a white marble altar of Elyvilon.
  5107 | D:6      | Found a burning altar of Makhleb.
  5188 | D:6      | Found a radiant altar of Vehumet.
  5213 | D:6      | Learned a level 3 spell: Conjure Flame
  5340 | D:6      | Reached XP level 8. HP: 37/46 MP: 16/20
  5451 | D:6      | Found a glowing golden altar of the Shining One.
  5551 | D:6      | Found a hazy altar of Hepliaklqana.
  5643 | D:6      | Noticed Edmund
  5664 | D:6      | Killed Edmund
  5664 | D:6      | Reached skill level 7 in Spellcasting
  5759 | D:6      | Killed Crazy Yiuf
  5917 | D:4      | Identified Sif Muna's Grimoire of Conjuration
  5923 | D:4      | Learned a level 1 spell: Shock
  6052 | D:7      | Found a blossoming altar of Fedhas.
  6174 | D:7      | Found Koadeybi's Magic Scroll Boutique.
  6224 | D:7      | Found an ancient bone altar of Kikubaaqudgha.
  6295 | D:7      | Found a sand-covered staircase.
  6300 | Ossuary  | Entered an ossuary
  6334 | Ossuary  | Reached skill level 5 in Dodging
  6875 | Ossuary  | Reached skill level 8 in Spellcasting
  7066 | D:7      | Noticed a hippogriff
  7068 | D:7      | Reached ** piety under Sif Muna
  7264 | D:7      | Reached XP level 9. HP: 43/52 MP: 12/23
  7547 | D:8      | Found a sparkling altar of Nemelex Xobeh.
  7572 | D:8      | Noticed a two-headed ogre
  7604 | D:8      | Killed a two-headed ogre
  7604 | D:8      | Reached skill level 5 in Long Blades
  7604 | D:8      | Reached skill level 9 in Spellcasting
  7604 | D:8      | Reached skill level 5 in Conjurations
  7751 | D:8      | HP: 3/78 [warg (7)]
  8288 | D:8      | Found a staircase to the Lair.
  8449 | D:8      | Learned a level 1 spell: Animate Skeleton
  8587 | D:8      | Found an opulent altar of Gozag.
  8621 | D:8      | Slain by an orc warrior

Skill      XL: |  1  2  3  4  5  6  7  8  9 |
---------------+----------------------------+-----
Fighting       | 1 2 3 4 |  4.5
Dodging        | 3 4 5 6 |  6.6
Conjurations   | 2 3 4 5 |  5.6
Spellcasting   | 5 6 8 9 |  9.8
Air Magic      | 1 2 3 |  3.2
Poison Magic   | 1 2 |  2.1
Summonings     | 2 |  2.0
Long Blades    | 2 4 5 |  5.7
Stealth        | 3 |  3.0
Translocations | |  1.1

Action                   |  1- 3 |  4- 6 |  7- 9 || total
-------------------------+-------+-------+-------++-------
Melee: Dagger            |    16 |    55 |       ||    71
       Falchion          |       |    17 |   199 ||   216
 Cast: Magic Dart        |    58 |   101 |   208 ||   367
       Mephitic Cloud    |     1 |    10 |    25 ||    36
       Call Imp          |       |    39 |    92 ||   131
       Gell's Gravitas   |       |     1 |       ||     1
       Animate Skeleton  |       |       |     1 ||     1
  Use: Scroll            |       |       |    14 ||    14
       Potion            |       |       |     6 ||     6
 Stab: Sleeping          |     6 |     3 |     5 ||    14
       Confused          |       |     1 |     6 ||     7
  Eat: Chunk             |     1 |     8 |     8 ||    17
       Ration            |       |       |     2 ||     2
Armor: Robe              |     4 |    10 |    26 ||    40
       Skin              |       |       |    11 ||    11
Dodge: Dodged            |    16 |    78 |   183 ||   277
       Rpst.: Falchion   |       |    10 |    55 ||    65
